 Dungeon Crawl Stone Soup version 0.23.0-3-gf3c87f2df8 (webtiles) character file.

Game seed: 11041198767121774173

209 YM2612 the Bolt Thrower (level 6, 0/44 HPs)
             Began as a Formicid Arcane Marksman on Feb 20, 2019.
             Succumbed to Edmund's poison
             ... on level 5 of the Dungeon.
             The game lasted 00:12:42 (2183 turns).

YM2612 the Bolt Thrower (Formicid Arcane Marksman)  Turns: 2183, Time: 00:12:42

Health: 0/44       AC:  7    Str: 16    XL:     6   Next: 12%
Magic:  7/7        EV: 10    Int: 12    God:
Gold:   97         SH:  3    Dex: 12    Spells: 6/7 levels left

rFire    . . .     SeeInvis +   a - +0 hand crossbow
rCold    . . .     Gourm    .   (no shield)
rNeg     . . .     Faith    .   j - +0 scale mail
rPois    .         Spirit   .   (helmet unavailable)
rElec    .         Reflect  +   c - +0 cloak
rCorr    .         Harm     .   (no gloves)
MR       .....                  (no boots)
Stlth    ..........             l - +3 amulet of reflection
HPRegen  0.14/turn              (no ring)
MPRegen  0.10/turn              (no ring)

@: lethally poisoned (0 -> -14), very slightly contaminated, invisible
A: permanent stasis, dig shafts and tunnels, four strong arms, antennae 3
a: Dig, Shaft Self


You were on level 5 of the Dungeon.
You were not hungry.

You visited 1 branch of the dungeon, and saw 4 of its levels.

You collected 97 gold pieces.

Inventory:

Hand Weapons
 a - a +0 hand crossbow (weapon)
 m - a cursed -1 short sword
 o - a +0 spear
Missiles
 d - 23 bolts (quivered)
Armour
 c - a +0 cloak (worn)
 e - a +0 robe
 j - a +0 scale mail (worn)
Jewellery
 l - a +3 amulet of reflection (around neck)
Scrolls
 b - 4 scrolls of identify
 h - a scroll of noise {unknown}
 n - a scroll of enchant armour {unknown}
 q - a scroll of remove curse {unknown}
Potions
 i - a potion of curing {unknown}
 k - 2 potions of might {unknown}
 p - a potion of heal wounds {unknown}
Comestibles
 f - 4 rations


   Skills:
 + Level 2.1 Fighting
 + Level 0.2 Polearms
 + Level 4.8 Crossbows
 + Level 2.0 Armour
 - Level 1.9 Dodging
 + Level 1.1 Spellcasting
 + Level 4.0 Hexes


You had 6 spell levels left.
You knew the following spells:

 Your Spells              Type           Power        Failure   Level  Hunger
a - Corona                Hex            ##.....      21%         1    ##.....

Your spell library contained the following spells:

 Spells                   Type           Power        Failure   Level  Hunger
 Slow                     Hex            ##......     30%         2    ###....
 Inner Flame              Hex/Fire       #.......     82%         3    ####...
 Portal Projectile        Hex/Tloc       #.....       82%         3    ####...
 Cause Fear               Hex            ##........   90%         4    #####..
 Leda's Liquefaction      Hex/Erth       #.........   99%         4    #####..


Dungeon Overview and Level Annotations

Branches:
Dungeon (3/15)

Altars:
Uskayaw

Shops:
D:5 [

Annotations:
D:5 Edmund


Innate Abilities, Weirdness & Mutations

You cannot be hasted, slowed, berserked, paralysed or teleported.
You can dig through walls and to a lower floor.
Your four strong arms can wield two-handed weapons with a shield.
You have a pair of large antennae on your head. (SInv)


Message History

You are very lightly contaminated with residual magic.
* * * LOW HITPOINT WARNING * * *
You feel sick.
You see here a ring mail.
* * * LOW HITPOINT WARNING * * *
You feel sick.
* * * LOW HITPOINT WARNING * * *
You feel sick.
* * * LOW HITPOINT WARNING * * *
You feel sick.
* * * LOW HITPOINT WARNING * * *
You feel sick.
Edmund says, "People accused me of being a cutpurse!"
* * * LOW HITPOINT WARNING * * *
You feel sick.
* * * LOW HITPOINT WARNING * * *
You feel sick.
* * * LOW HITPOINT WARNING * * *
You feel sick.
You die...

##[## #########. ##...##
#.........
#####.....######.####.###
.................# #.#
#####.....######## #.#
###...@# #.# ......#.###
#.# ####.##...# #.#
###....@...### #.###
#............# #...#
#+#..........# ###.#
+∩'..........# #.#
#+#........### #.#
#...#.##...# #.#
#####.##..## #.. ..##..#
######.#
#####..#######......#


You could see Edmund.

Vanquished Creatures
  A hound (D:5)
  An orc priest (D:3)
  A worker ant (D:5)
  6 adders
  2 oozes
  6 dart slugs (D:1)
  2 orcs (D:3)
  3 giant cockroaches (D:1)
  10 goblins
  5 hobgoblins
  A ball python (D:1)
  5 bats
  A frilled lizard (D:2)
  7 kobolds
  4 rats
55 creatures vanquished.

Notes
Turn   | Place    | Note
-------+----------+-------------------------------------------
     0 | D:1      | YM2612 the Formicid Arcane Marksman began the quest for the
                  | Orb.
     0 | D:1      | Reached XP level 1. HP: 15/15 MP: 2/2
   249 | D:1      | Reached XP level 2. HP: 21/21 MP: 3/3
   438 | D:1      | Reached XP level 3. HP: 26/26 MP: 4/4
   509 | D:1      | Reached skill level 1 in Armour
  1113 | D:2      | Reached XP level 4. HP: 32/32 MP: 5/5
  1791 | D:3      | Reached XP level 5. HP: 37/37 MP: 6/6
  1878 | D:3      | Found a hide-covered altar of Uskayaw.
  1885 | D:3      | You fall through a shaft for 2 floors!
  1885 | D:5      | Entered Level 5 of the Dungeon
  1891 | D:5      | Found Suomilaly's Armour Emporium.
  2095 | D:5      | Reached XP level 6. HP: 43/44 MP: 7/7
  2156 | D:5      | Noticed Edmund
  2181 | D:5      | HP: 2/44 [poisoned by Edmund]
  2183 | D:5      | Succumbed to Edmund's poison

Skill      XL: |  1  2  3  4  5 |
---------------+----------------+-----
Armour         | 1 2 |  2.0
Crossbows      | 3 4 |  4.8
Hexes          | 4 |  4.0
Fighting       | 2 |  2.1
Polearms       | |  0.2
Dodging        | |  1.9
Spellcasting   | |  1.1

Action                   |  1- 3 |  4- 6 || total
-------------------------+-------+-------++-------
Melee: Spear             |       |    26 ||    26
       Hand crossbow     |       |     1 ||     1
 Fire: Hand crossbow     |    78 |    79 ||   157
  Use: Scroll            |       |     1 ||     1
       Potion            |       |     1 ||     1
  Eat: Chunk             |       |     4 ||     4
Armor: Robe              |     3 |       ||     3
       Scale mail        |       |    52 ||    52
Dodge: Dodged            |    21 |    57 ||    78
Block: Other             |       |    10 ||    10
